 Dungeon Crawl Stone Soup version 0.29.1-13-g9f3cf754e1 (webtiles) character file.

Game seed: 6863214205322598977

185822 leafyfresh the Spry (level 18, -8/195 (202) HPs)
             Began as a Merfolk Transmuter on Jan 29, 2023.
             Was the Champion of Cheibriados.
             Mangled by a meliai
             ... wielding a +0 broad axe
              (12 damage)
             ... on level 2 of the Spider Nest.
             The game lasted 01:55:32 (38840 turns).

leafyfresh the Spry (Merfolk Transmuter)           Turns: 38840, Time: 01:55:32

HP:   -8/195 (202)  AC: 32    Str: 27    XL:     18   Next: 4%
MP:   28/29         EV:  2    Int: 28    God:    Cheibriados [******]
Gold: 2296          SH: 18    Dex: 41    Spells: 4/21 levels left

rFire   . . .      SeeInvis .     - Unarmed
rCold   . . .      Faith    .   F - +3 buckler {AC+3}
rNeg    . . .      Spirit   .   (body armour currently unavailable)
rPois   +          Reflect  +   (helmet currently unavailable)
rElec   .          Harm     .   (cloak currently unavailable)
rCorr   .          Rampage  .   (gloves currently unavailable)
Will    +....      NoTele   +   (boots currently unavailable)
Stlth   +++++++...              r - amulet of reflection
HPRegen 0.42/turn               K - +6 ring of dexterity
MPRegen 0.21/turn               T - ring of poison resistance

@: tree-form (expiring), studying 2 skills, lightly drained, very slow
A: stationary, stasis, torment immunity, boosted hp, (nimble swimmer 2),
(mertail), (iridescent scales 1), thin skeletal structure 1, clumsy 1, (deformed
body), frail 1, high MP 1
}: 1/15 runes: decaying
a: Renounce Religion, Bend Time, Temporal Distortion, Slouch, Step From Time


You were on level 2 of the Spider Nest.
You worshipped Cheibriados.
Cheibriados was exalted by your worship.
You were a tree.
You visited 7 branches of the dungeon, and saw 30 of its levels.
You also visited: Sewer, Ossuary and Gauntlet.

You collected 2652 gold pieces.
You spent 356 gold pieces at shops.

Inventory:

Armour
 d - a +2 cloak (melded)
 j - a +0 pair of boots (melded)
 p - a +0 kite shield of reflection
 B - +0 swamp dragon scales
 F - a +3 buckler of protection (worn)
 J - +0 fire dragon scales
 L - the +8 chain mail of a volcano (melded) {rC+ rN+ Will+ Str+2}
   (You found it in a Gauntlet)

   Str:       It affects your strength (+2).
   rC:        It protects you from cold.
   rN:        It protects you from negative energy.
   Will:      It increases your willpower.
 M - a +2 hat (melded)
 X - a +2 pair of gloves (melded)
 Y - +0 acid dragon scales
Jewellery
 a - a +6 ring of dexterity
 c - a ring of positive energy
 m - the ring of Nyder {+Blink Str+4 Int+6}
   (You found it in a Gauntlet)

   [ring of intelligence]

   Str:       It affects your strength (+4).
   Int:       It affects your intelligence (+6).
   +Blink:    It lets you blink.
 n - a +6 ring of intelligence
 r - an amulet of reflection (around neck)
 y - a ring of see invisible
 G - the ring "Nuingor" {rCorr MP+9 Str+7 Slay-2}
   (You bought it in a shop on level 2 of the Orcish Mines)

   [ring of resist corrosion]

   Str:       It affects your strength (+7).
   Slay:      It affects your accuracy & damage with ranged weapons and melee
   (-2).
   MP:        It affects your magic capacity (+9).
   rCorr:     It protects you from acid and corrosion.
 K - a +6 ring of dexterity (left branch)
 T - a ring of poison resistance (right branch)
Wands
 k - a wand of light (11)
 D - a wand of mindburst (10)
Scrolls
 h - 5 scrolls of fog
 i - a scroll of poison
 o - 3 scrolls of summoning
 s - 2 scrolls of enchant armour
 u - a scroll of enchant weapon
 x - 4 scrolls of silence
 C - 10 scrolls of teleportation
 H - 5 scrolls of fear
 I - 2 scrolls of brand weapon
 P - 2 scrolls of magic mapping
 Z - 5 scrolls of identify
Potions
 b - 2 potions of lignification
 e - 2 potions of mutation
 f - a potion of invisibility
 g - 2 potions of cancellation
 l - 9 potions of curing
 q - 4 potions of brilliance
 t - 3 potions of magic
 v - a potion of resistance
 w - 3 potions of attraction
 A - 2 potions of flight
 E - 2 potions of might
 O - a potion of ambrosia
 Q - a potion of heal wounds
Miscellaneous
 z - a phantom mirror
 U - a box of beasts


   Skills:
 + Level 16.0 Fighting
 + Level 19.3 Dodging
 - Level 11.3 Stealth
 - Level 8.4 Shields
 + Level 17.4 Unarmed Combat
 - Level 2.0 Spellcasting
 + Level 13.8 Transmutations
 - Level 11.5 Invocations


You had 4 spell levels left.
You knew the following spells:

 Your Spells              Type           Power      Damage    Failure   Level
a - Beastly Appendage     Tmut           100%       N/A       1%          1
b - Blink                 Tloc           4%         N/A       17%         2
c - Ice Form              Ice/Tmut       41%        N/A       7%          4
d - Passwall              Tmut/Erth      34%        N/A       1%          2
e - Wereblood             Tmut           68%        N/A       1%          2
f - Spider Form           Tmut/Pois      41%        N/A       1%          3
g - Lesser Beckoning      Tloc           2%         N/A       32%         3

Your spell library contained the following spells:

 Spells                   Type           Power      Damage    Failure   Level
 Apportation              Tloc           4%         N/A       11%         1
 Foxfire                  Conj/Fire      8%         2x1d4     11%         1
 Necrotise                Necr           8%         1d4       11%         1
 Sandblast                Erth           4%         2d4       11%         1
 Slow                     Hex            8%         N/A       11%         1
 Summon Small Mammal      Summ           8%         N/A       11%         1
 Ensorcelled Hibernation  Hex/Ice        4%         N/A       17%         2
 Static Discharge         Conj/Air       2%         3-4/arc   17%         2
 Confusing Touch          Hex            2%         N/A       32%         3
 Conjure Flame            Conj/Fire      2%         6-21      32%         3
 Gell's Gravitas          Tloc           2%         N/A       32%         3
 Inner Flame              Hex/Fire       2%         N/A       32%         3
 Stone Arrow              Conj/Erth      4%         3d7       32%         3
 Teleport Other           Tloc           2%         N/A       32%         3
 Tukima's Dance           Hex            2%         N/A       32%         3
 Vampiric Draining        Necr           2%         2d6       32%         3
 Anguish                  Hex/Necr       1%         N/A       73%         4
 Animate Dead             Necr           2%         N/A       73%         4
 Corpse Rot               Necr/Pois/Air  2%         N/A       73%         4
 Dispel Undead            Necr           2%         3d7       73%         4
 Flame Wave               Conj/Fire      2%         2d4       73%         4
 Passage of Golubria      Tloc           2%         N/A       73%         4
 Sticky Flame             Conj/Fire      2%         2d3       73%         4
 Yara's Violent Unravell  Hex/Tmut       20%        3d9       19%         5
 Eringya's Noxious Bog    Tmut/Pois      20%        N/A       71%         6
 Borgnjor's Vile Clutch   Necr/Erth      1%         N/A       97%         5
 Manifold Assault         Tloc           2%         N/A       97%         5
 Summon Forest            Summ/Tloc      1%         N/A       97%         5
 Summon Mana Viper        Hex/Summ       2%         N/A       97%         5
 Conjure Ball Lightning   Conj/Air       1%         3x3d6     100%        6
 Death Channel            Necr           1%         N/A       100%        6
 Summon Cactus Giant      Summ           1%         N/A       100%        6
 Summon Hydra             Summ           1%         N/A       100%        7
 Discord                  Hex            1%         N/A       100%        8
 Disjunction              Tloc           1%         N/A       100%        8


Dungeon Overview and Level Annotations

Branches:
Dungeon (15/15)            Temple (0/1) D:5            Lair (5/5) D:8
  Swamp (4/4) Lair:2       Spider (2/4) Lair:3        Slime (1/5) Lair:4
    Orc (2/2) D:10            Elf (1/3) Orc:2        Vaults (0/5) D:14
  Sewer (visited)         Ossuary (visited)         Gauntlet (visited)
 Depths: D:15

Altars:
Ashenzari
Cheibriados
Fedhas
Hepliaklqana
Trog
Wu Jian
Zin
Jiyva

Shops:
D:12 (   D:14 (   Orc:2 [*?*   Elf:1 *

Annotations:
Lair:1 exclusion: oklob plant
Lair:5 1 runed translucent door, Binnisu's ghost, journeyman TrGl


Innate Abilities, Weirdness & Mutations

You are a tree.
Your roots penetrate the ground, keeping you stationary.
You cannot be teleported.
You are immune to unholy pain and torment.
Your maximum health is greatly increased.
Your equipment is partially melded.
((You are very nimble when in or above water. (Stealth+, EV+, Speed+++)))
((Your lower body shifts to a powerful aquatic tail in water.))
((You are partially covered in iridescent scales. (AC +2)))
You have a somewhat thin skeletal structure. (Dex +2, Stealth+)
You are clumsy. (Dex -2)
((Armour fits poorly on your strangely shaped body.))
You are frail. (-10% HP)
You have an increased reservoir of magic. (+10% MP)


Message History

You block the meliai's attack. x2
The meliai hits you with a +0 broad axe!
The meliai barely misses you. You block the pharaoh ant's attack.
The jumping spider leaps!
You hit the pharaoh ant.
The pharaoh ant is heavily damaged.
The meliai barely misses you. You block the meliai's attack.
The pharaoh ant bites you!!
* * * LOW HITPOINT WARNING * * *
You feel drained.
* * * LOW HITPOINT WARNING * * *
The jumping spider leaps!
The torpor snail bites you but does no damage.
Being near the torpor snail leaves you feeling lethargic.
The meliai hits you but does no damage. You block the meliai's attack.
Unknown command.
You pummel the pharaoh ant!!
You destroy the pharaoh ant!
Cheibriados thoroughly appreciates the change of pace.
The pharaoh ant binds the souls of nearby monsters.
You feel yourself speed up. The meliai hits you but does no damage.
The meliai stings you but does no damage.
The meliai hits you but does no damage. You block the meliai's attack.
You pummel the jumping spider!!
The jumping spider is almost dead.
The jumping spider leaps!
The jumping spider pounces on you but does no damage.
You block the jumping spider's attack.
The meliai calls down the wrath of its god upon you.
Something smites you!
* * * LOW HITPOINT WARNING * * *
The torpor snail bites you!
* * * LOW HITPOINT WARNING * * *
Being near the torpor snail leaves you feeling lethargic.
Unknown command.
You fail to use your ability.
Your transformation is almost over.
You feel yourself speed up.
The meliai hits you with a +0 broad axe!
You die...

......# ...#...## ....^..^#
..#.....# ### ...^....###.##
### ...#....#....## ##.##
..............# ##...####
..........#...###.....#^##
.........ss♣...#........^###
.........syw.......#........
...........○....#..##...#..^
############################


You could see a torpor snail (soul bound), 2 jumping spiders, a tarantella (soul
bound) and a meliai (soul bound).

Vanquished Creatures
  A tentacled monstrosity (Swamp:3)
  3 thorn hunters
  Donald (Orc:2)
  3 fenstrider witches
  An azure jelly (Slime:1)
  Aizul (Swamp:4)
  2 orc warlords (Orc:2)
  An emperor scorpion (shapeshifter) (Gauntlet)
  A vault warden (D:14)
  A broodmother (Spider:1)
  Nessos (D:15)
  2 entropy weavers
  5 bunyips
  A minotaur (Gauntlet)
  The ghost of Nabski the Spry, a journeyman HOMo of Hepliaklqana (D:8)
  4 fire dragons
  A deep elf death mage (Elf:1)
  6 vault guards (D:14)
  Harold (D:11)
  16 hydras
  An ogre mage (D:15)
  8 boulder beetles
  A death knight (D:13)
  4 centaur warriors (D:14)
  6 two-headed ogres
  A dancing weapon (Elf:1)
  7 alligators
  3 deep elf knights (Elf:1)
  A fire crab (shapeshifter) (Gauntlet)
  2 fire crabs (Swamp:4)
  2 spriggan druids (Swamp:3)
  A sun moth (Spider:1)
  4 pharaoh ants
  3 orb spiders (Spider:1)
  4 goliath frogs
  3 skeletal warriors
  3 steelbarb worms
  10 swamp dragons
  3 bog bodies (Lair:2)
  A necromancer (D:15)
  2 orc knights
  A lindwurm (Swamp:4)
  3 deep elf archers (Elf:1)
  16 deep elf pyromancers
  8 wolf spiders
  2 orc sorcerers (Orc:2)
  16 deep elf zephyrmancers (Elf:1)
  14 elephants
  11 cyclopes
  2 will-o-the-wisps
  11 ugly things
  4 manticores
  Maurice (D:8)
  Joseph (D:10)
  A black mamba (Lair:3)
  An eye of devastation (Gauntlet)
  An orange demon (Lair:1)
  4 gargoyles
  14 cane toads
  2 minotaur zombies (Gauntlet)
  2 rime drakes
  4 demonic crawlers
  4 torpor snails
  A kobold demonologist (D:11)
  2 efreet
  6 komodo dragons
  12 tyrant leeches
  2 meliai (Spider:2)
  11 trolls
  A polar bear (Lair:4)
  The ghost of Whoops the Chopper, an amateur DsFi (D:4)
  3 hornets
  A polar bear (shapeshifter) (Gauntlet)
  17 tarantellas
  9 blink frogs
  10 slime creatures
  A raiju (Gauntlet)
  10 culicivoras
  5 spriggans
  16 jumping spiders
  Sigmund (D:6)
  2 shadows
  2 air elementals (Elf:1)
  A centaur simulacrum (D:14)
  A wraith (D:13)
  2 water elementals (Elf:1)
  2 wyverns
  2 vampires (D:13)
  3 humans (D:14)
  3 fire bats
  2 fire elementals
  48 yaks
  2 golden eyes (Gauntlet)
  27 redbacks
  8 steam dragons
  3 basilisks
  4 wargs
  10 swamp worms
  5 vampire mosquitoes (D:13)
  3 acid dragons
  A two-headed ogre zombie (D:10)
  19 water moccasins
  4 black bears
  43 orc warriors
  5 ice beasts
  11 swamp drakes
  10 ogres
  4 wolves (Lair:3)
  13 centaurs
  4 phantoms
  An elf zombie (Ossuary)
  4 kobold brigands
  11 bullfrogs
  3 earth elementals (Elf:1)
  5 scorpions
  9 wights
  A troll zombie (D:10)
  24 killer bees
  A water moccasin skeleton (D:4)
  A howler monkey (D:14)
  An electric eel (Lair:2)
  6 jellies
  11 orc priests
  A human zombie (Ossuary)
  A bullfrog skeleton (D:4)
  A centaur skeleton (D:4)
  2 iguanas
  18 orc wizards
  7 hell rats (Lair:5)
  6 ogre zombies (D:10)
  2 hound zombies (Ossuary)
  4 mummies (Ossuary)
  5 adders
  4 gnolls (D:4)
  3 river rats
  3 shadow imps
  A white imp (D:5)
  3 ufetubi
  5 worms
  The ghost of croobank the Sneak, a weakling DrDe (D:5)
  6 dart slugs
  56 orcs
  9 ball pythons
  17 endoplasms
  5 giant cockroaches
  A gnoll zombie (Ossuary)
  6 hobgoblins
  2 jackals (D:3)
  9 quokkas
  9 bats
  5 frilled lizards
  6 goblins
  A goblin skeleton (D:10)
  2 goblin zombies
  2 hobgoblin skeletons (D:10)
  5 hobgoblin zombies
  A jackal zombie (Ossuary)
  33 kobolds
  2 kobold zombies (Ossuary)
  19 orc zombies (D:10)
  10 rats
950 creatures vanquished.

Vanquished Creatures (collateral kills)
  Amaemon (Lair:1)
1 creature vanquished.

Vanquished Creatures (others)
  6 bloated husks
  A tyrant leech (Swamp:4)
  A fire bat (Swamp:4)
  A steam dragon (Swamp:4)
  A swamp drake (Swamp:4)
  5 briar patches
  6 foxfires
  36 fungi
  52 plants
  3 withered plants (D:15)
112 creatures vanquished.

Grand Total: 1063 creatures vanquished

Notes
Turn   | Place    | Note
-------+----------+-------------------------------------------
     0 | D:1      | leafyfresh the Merfolk Transmuter began the quest for the
                  | Orb.
     0 | D:1      | Reached XP level 1. HP: 15/15 MP: 3/3
   336 | D:1      | Reached XP level 2. HP: 17/21 MP: 5/5
   687 | D:1      | Reached XP level 3. HP: 13/26 MP: 4/6
   926 | D:1      | Learned a level 3 spell: Spider Form
  1086 | D:1      | Reached skill level 5 in Transmutations
  1399 | D:2      | Reached XP level 4. HP: 26/32 MP: 3/7
  1964 | D:2      | Identified the +4 rapier "Newtslayer" {vorpal, Int+4}
  2271 | D:3      | Found a glowing silver altar of Zin.
  2274 | D:3      | Found a blossoming altar of Fedhas.
  2307 | D:3      | Found a snail-covered altar of Cheibriados.
  2323 | D:3      | Became a worshipper of Cheibriados the Contemplative
  2356 | D:3      | Reached XP level 5. HP: 37/37 MP: 8/8
  3179 | D:4      | Found a runed translucent gate.
  3179 | D:4      | Found a runed translucent gate.
  3181 | D:4      | Noticed Whoops's ghost (amateur DsFi)
  3182 | D:4      | Found a runed translucent gate.
  3270 | D:4      | Reached XP level 6. HP: 24/43 MP: 9/9
  3274 | D:4      | Reached * piety under Cheibriados
  3589 | D:4      | Reached skill level 3 in Dodging
  4230 | D:5      | Entered Level 5 of the Dungeon
  4230 | D:5      | Noticed an ice beast
  4265 | D:5      | Noticed a black bear
  4277 | D:5      | Killed a black bear
  4278 | D:5      | Reached skill level 4 in Dodging
  4278 | D:5      | Reached XP level 7. HP: 37/52 MP: 6/10
  4393 | D:5      | Found a staircase to the Ecumenical Temple.
  4429 | D:5      | Learned a level 4 spell: Ice Form
  4435 | D:5      | Reached skill level 5 in Dodging
  4683 | D:5      | Reached skill level 6 in Dodging
  4973 | D:5      | Reached skill level 5 in Fighting
  4973 | D:5      | Reached XP level 8. HP: 52/62 MP: 11/11
  5035 | D:5      | Reached skill level 7 in Dodging
  5434 | D:5      | Noticed croobank's ghost (weakling DrDe)
  5802 | D:5      | Found a hazy altar of Hepliaklqana.
  5809 | D:5      | Found a bloodstained altar of Trog.
  5931 | D:5      | Found a transporter.
  5935 | D:5      | Found a transporter.
  6121 | D:6      | Learned a level 2 spell: Passwall
  6128 | D:6      | Found a glowing drain.
  6148 | D:6      | Noticed Sigmund
  6563 | D:6      | Reached skill level 8 in Dodging
  6577 | Sewer    | Entered a sewer
  6610 | Sewer    | Reached ** piety under Cheibriados
  6777 | Sewer    | Found a viscous altar of Jiyva.
  7080 | D:6      | Killed Sigmund
  7081 | D:6      | Reached skill level 9 in Dodging
  7309 | D:6      | Reached XP level 9. HP: 64/72 MP: 12/12
  7980 | D:6      | Learned a level 2 spell: Wereblood
  7993 | D:7      | Reached *** piety under Cheibriados
  8342 | D:7      | Reached skill level 10 in Dodging
  8371 | D:7      | Reached skill level 5 in Unarmed Combat
  9030 | D:8      | Found a sand-covered staircase.
  9036 | Ossuary  | Entered an ossuary
  9053 | Ossuary  | Reached **** piety under Cheibriados
  9064 | Ossuary  | Reached skill level 10 in Transmutations
  9395 | D:8      | Identified the +0 chain mail of True Grit {rElec}
  9444 | D:8      | Noticed a troll
  9565 | D:8      | Noticed Maurice
  9607 | D:8      | Reached XP level 10. HP: 79/79 MP: 13/13
  9680 | D:8      | Reached skill level 11 in Dodging
  9817 | D:8      | Reached ***** piety under Cheibriados
  9880 | D:8      | Killed Maurice
  9881 | D:8      | Reached skill level 1 in Invocations
  9901 | D:8      | Noticed a cyclops
  9981 | D:8      | Found a staircase to the Lair.
 10006 | D:8      | Found a runed translucent gate.
 10008 | D:8      | Found a runed translucent gate.
 10008 | D:8      | Found a runed translucent gate.
 10923 | D:5      | Killed croobank's ghost
 11062 | D:4      | Killed Whoops's ghost
 11068 | D:4      | Reached skill level 12 in Dodging
 11512 | D:8      | Killed a cyclops
 11630 | D:8      | Noticed Nabski's ghost (journeyman HOMo)
 11663 | Lair:1   | Entered Level 1 of the Lair of Beasts
 11799 | Lair:1   | Noticed a torpor snail
 11816 | Lair:1   | Reached XP level 11. HP: 85/87 MP: 11/14
 11901 | Lair:1   | Found a blossoming altar of Fedhas.
 11999 | Lair:1   | Reached skill level 5 in Invocations
 12049 | Lair:1   | Noticed Amaemon
 12056 | Lair:1   | Killed Amaemon
 12360 | Lair:1   | Noticed an oklob plant
 12519 | Lair:2   | Noticed a bog body
 12526 | Lair:2   | Killed a bog body
 12578 | Lair:2   | Noticed a bog body
 12585 | Lair:2   | Killed a bog body
 12684 | Lair:2   | Noticed a bog body
 12687 | Lair:2   | Found a staircase to the Swamp.
 12703 | Lair:2   | Killed a bog body
 12747 | Lair:2   | Reached skill level 10 in Fighting
 13036 | Lair:2   | Reached skill level 10 in Unarmed Combat
 13073 | Lair:2   | Reached XP level 12. HP: 99/99 MP: 17/17
 14405 | Lair:3   | Reached ****** piety under Cheibriados
 14531 | Lair:3   | Found a hole to the Spider Nest.
 14957 | Lair:3   | Noticed a death yak
 14958 | Lair:3   | Noticed a death yak
 15027 | Lair:3   | Noticed a six-headed hydra
 15031 | Lair:3   | Killed a six-headed hydra
 15183 | Lair:3   | Noticed a death yak
 15344 | Lair:4   | Reached skill level 1 in Stealth
 15344 | Lair:4   | Reached XP level 13. HP: 108/108 MP: 15/20
 15810 | Lair:4   | Found a viscous altar of Jiyva.
 15933 | Lair:4   | Reached skill level 13 in Dodging
 16055 | Lair:4   | Found a staircase to the Slime Pits.
 16698 | Lair:4   | Gained mutation: Potions are less effective at restoring
                  | your health. [potion of mutation]
 16698 | Lair:4   | Gained mutation: You are somewhat resistant to further
                  | mutation. [potion of mutation]
 16699 | Lair:4   | Lost mutation: You are somewhat resistant to further
                  | mutation. [potion of mutation]
 16699 | Lair:4   | Lost mutation: Potions are less effective at restoring your
                  | health. [potion of mutation]
 16699 | Lair:4   | Gained mutation: You sometimes lose your temper in combat.
                  | [potion of mutation]
 16699 | Lair:4   | Gained mutation: You have an increased reservoir of magic.
                  | (+10% MP) [potion of mutation]
 16699 | Lair:4   | Gained mutation: You are partially covered in iridescent
                  | scales. (AC +2) [potion of mutation]
 16959 | Lair:5   | Entered Level 5 of the Lair of Beasts
 16959 | Lair:5   | Noticed Binnisu's ghost (journeyman TrGl)
 16959 | Lair:5   | Found a runed translucent door.
 17164 | Lair:5   | Reached skill level 5 in Stealth
 17468 | Lair:5   | Noticed a dire elephant
 17485 | Lair:5   | Reached skill level 14 in Dodging
 17714 | Slime:1  | Entered Level 1 of the Pits of Slime
 17715 | Slime:1  | Noticed an azure jelly
 17723 | Slime:1  | Killed an azure jelly
 17928 | Spider:1 | Entered Level 1 of the Spider Nest
 17932 | Spider:1 | Noticed an entropy weaver
 18169 | D:8      | Learned a level 2 spell: Blink
 18952 | D:10     | Entered Level 10 of the Dungeon
 18965 | D:10     | Found a staircase to the Orcish Mines.
 19311 | D:10     | Reached XP level 14. HP: 93/115 MP: 23/23
 19574 | D:10     | Noticed Joseph
 19581 | D:10     | Killed Joseph
 20039 | Orc:1    | Entered Level 1 of the Orcish Mines
 20574 | Orc:2    | Entered Level 2 of the Orcish Mines
 20580 | Orc:2    | Noticed an orc warlord
 20607 | Orc:2    | Killed an orc warlord
 20924 | Orc:2    | Reached skill level 15 in Dodging
 20977 | Orc:2    | Found a gate leading to a gauntlet.
 20989 | Gauntlet | Entered a Gauntlet
 20989 | Gauntlet | Found a transporter.
 20989 | Gauntlet | Found a transporter.
 20990 | Gauntlet | Found a transporter.
 20993 | Gauntlet | Found a transporter.
 20993 | Gauntlet | Found a transporter.
 21005 | Gauntlet | Found a transporter.
 21007 | Gauntlet | Found a transporter.
 21009 | Gauntlet | Found a large runed translucent door.
 21010 | Gauntlet | Found a large runed translucent door.
 21011 | Gauntlet | Found a large runed translucent door.
 21011 | Gauntlet | Found a large runed translucent door.
 21011 | Gauntlet | Found a runed translucent door.
 21012 | Gauntlet | Found a large runed translucent door.
 21013 | Gauntlet | Found a large runed translucent door.
 21014 | Gauntlet | Found a large runed translucent door.
 21014 | Gauntlet | Found a large runed translucent door.
 21015 | Gauntlet | Found a runed translucent gate.
 21017 | Gauntlet | Found a transporter.
 21105 | Gauntlet | Found a transporter.
 21119 | Gauntlet | Found a transporter.
 21123 | Gauntlet | Found a transporter.
 21125 | Gauntlet | Found a large runed translucent door.
 21126 | Gauntlet | Found a large runed translucent door.
 21127 | Gauntlet | Found a large runed translucent door.
 21127 | Gauntlet | Found a large runed translucent door.
 21127 | Gauntlet | Found a runed translucent door.
 21128 | Gauntlet | Found a large runed translucent door.
 21129 | Gauntlet | Found a large runed translucent door.
 21130 | Gauntlet | Found a large runed translucent door.
 21130 | Gauntlet | Found a large runed translucent door.
 21131 | Gauntlet | Found a runed translucent gate.
 21131 | Gauntlet | Found a runed translucent gate.
 21133 | Gauntlet | Found a transporter.
 21480 | Gauntlet | Noticed an emperor scorpion
 21480 | Gauntlet | a catoblepas changed into an emperor scorpion
 21500 | Gauntlet | Learned a level 3 spell: Spider Form
 21515 | Gauntlet | Killed an emperor scorpion
 21530 | Gauntlet | Identified the ring of Nyder {+Blink Str+4 Int+6}
 21576 | Gauntlet | Identified the +7 chain mail of the Wild Haggis {Str+2}
 21591 | Gauntlet | Identified the +8 chain mail of a volcano {rC+ rN+ Will+
                  | Str+2}
 22219 | Orc:2    | Reached skill level 1 in Shields
 22318 | Orc:2    | Found Runauz's Assorted Antiques.
 22446 | Orc:2    | Found Akhuvo's Assorted Antiques.
 22446 | Orc:2    | Found Elehuh's Magic Scroll Emporium.
 22451 | Orc:2    | Found Kongel's Armour Shop.
 22552 | Orc:2    | Noticed an orc warlord
 22583 | Orc:2    | Killed an orc warlord
 22836 | Orc:2    | Reached skill level 5 in Shields
 22894 | Orc:2    | Paralysed by an orc sorcerer for 2 turns
 22960 | Orc:2    | Noticed Donald
 22986 | Orc:2    | Killed Donald
 22987 | Orc:2    | Found a staircase to the Elven Halls.
 23375 | Orc:2    | Bought a scroll of enchant armour for 90 gold pieces
 23376 | Orc:2    | Bought an ancient glass ring for 140 gold pieces
 23376 | Orc:2    | Identified the ring "Nuingor" {rCorr MP+9 Str+7 Slay-2}
                  | (You bought it in a shop on level 2 of the Orcish Mines)
 23484 | Elf:1    | Entered Level 1 of the Elven Halls
 23857 | Elf:1    | Found Ofairr's General Store.
 23868 | Elf:1    | Bought a scroll of teleportation for 36 gold pieces
 23868 | Elf:1    | Bought a scroll of enchant armour for 90 gold pieces
 23891 | Elf:1    | Reached XP level 15. HP: 122/122 MP: 24/24
 23944 | Elf:1    | Reached skill level 16 in Dodging
 24333 | Elf:1    | Reached skill level 15 in Unarmed Combat
 25583 | D:11     | Identified the +7 great sword of Action {vorpal, Will+
                  | Str+3}
 25908 | D:11     | Noticed Harold
 25919 | D:11     | Killed Harold
 26334 | D:12     | Learned a level 3 spell: Lesser Beckoning
 26426 | D:12     | Found Bilut's Antique Weapon Shoppe.
 27338 | D:13     | Reached skill level 10 in Invocations
 27989 | D:14     | Found a transporter.
 28112 | D:14     | Found a gate to the Vaults.
 28129 | D:14     | Reached skill level 17 in Dodging
 28155 | D:14     | Reached XP level 16. HP: 96/133 MP: 20/26
 28171 | D:14     | Reached skill level 10 in Stealth
 28317 | D:14     | Found a transporter.
 28361 | D:14     | Found a transporter.
 28560 | D:14     | Found Aqyrog's Weapon Emporium.
 28612 | D:14     | Found an ornate altar of the Wu Jian Council.
 28618 | D:14     | Found a transporter.
 28682 | D:14     | Found an ornate altar of the Wu Jian Council.
 28715 | D:14     | Found a broken altar of Ashenzari.
 29047 | D:15     | Entered Level 15 of the Dungeon
 29157 | D:15     | Noticed Nessos
 29193 | D:15     | Killed Nessos
 29832 | D:8      | Killed Nabski's ghost
 30130 | Swamp:1  | Entered Level 1 of the Swamp
 30483 | Swamp:1  | Gained mutation: Your spells are a little easier to cast,
                  | but a little less powerful. [mutagenic glow]
 30502 | Swamp:1  | Gained mutation: You are frail. (-10% HP) [mutagenic glow]
 30516 | Swamp:1  | Gained mutation: Armour fits poorly on your strangely
                  | shaped body. [mutagenic glow]
 31015 | Swamp:2  | Noticed a fenstrider witch
 31023 | Swamp:2  | Killed a fenstrider witch
 31034 | Swamp:2  | Noticed a thorn hunter
 31051 | Swamp:2  | Killed a thorn hunter
 31463 | Swamp:2  | Noticed a thorn hunter
 31481 | Swamp:2  | Killed a thorn hunter
 32150 | Swamp:3  | Noticed a tentacled monstrosity
 32160 | Swamp:3  | Killed a tentacled monstrosity
 33172 | Swamp:4  | Entered Level 4 of the Swamp
 33191 | Swamp:4  | Noticed Aizul
 33201 | Swamp:4  | Reached skill level 18 in Dodging
 33208 | Swamp:4  | Killed Aizul
 33213 | Swamp:4  | Noticed a fenstrider witch
 33217 | Swamp:4  | Killed a fenstrider witch
 33218 | Swamp:4  | Reached XP level 17. HP: 122/126 MP: 28/28
 34091 | Swamp:3  | Reached skill level 15 in Fighting
 34218 | Swamp:4  | Paralysed by a fenstrider witch for 2 turns
 34493 | Swamp:3  | Lost mutation: You are partially covered in iridescent
                  | scales. (AC +2) [potion of mutation]
 34493 | Swamp:3  | Lost mutation: You sometimes lose your temper in combat.
                  | [potion of mutation]
 34493 | Swamp:3  | Lost mutation: Your spells are a little easier to cast, but
                  | a little less powerful. [potion of mutation]
 34493 | Swamp:3  | Gained mutation: You are very frail. (-20% HP) [potion of
                  | mutation]
 34493 | Swamp:3  | Gained mutation: You have hidden genetic potential. [potion
                  | of mutation]
 34493 | Swamp:3  | Gained mutation: You are clumsy. (Dex -2) [potion of
                  | mutation]
 34493 | Swamp:3  | Gained mutation: You expend magic power (3 MP) to
                  | strengthen your wands. [potion of mutation]
 34550 | Swamp:3  | Lost mutation: You expend magic power (3 MP) to strengthen
                  | your wands. [potion of mutation]
 34550 | Swamp:3  | Lost mutation: You have hidden genetic potential. [potion
                  | of mutation]
 34550 | Swamp:3  | Lost mutation: You are very frail. (-20% HP) [potion of
                  | mutation]
 34550 | Swamp:3  | Gained mutation: You have a somewhat thin skeletal
                  | structure. (Dex +2, Stealth+) [potion of mutation]
 34550 | Swamp:3  | Gained mutation: You are partially covered in iridescent
                  | scales. (AC +2) [potion of mutation]
 35666 | Swamp:4  | Got a decaying rune of Zot
 37697 | Spider:1 | Reached skill level 19 in Dodging
 38630 | Spider:2 | Reached XP level 18. HP: 77/135 MP: 29/29
 38839 | Spider:2 | HP: 4/195 [torpor snail (13)]
 38840 | Spider:2 | Mangled by a meliai

Illustrated notes

Levels and vault maps discovered:
D:1:      saegor_arrival_simple_a, layout_basic, serial_curves, eino_curves_03,
          eino_curves_03
D:2:      layout_rooms
D:3:      layout_basic, grunt_temple_overflow_open, cheibriados_altar_1
D:4:      layout_loops_ring, gammafunk_ghost_necromancy
D:5:      layout_loops_cross, minitemple, minmay_temple_entry_statues_fountains,
          gammafunk_ghost_hive
D:6:      layout_gridville, portal_sewer_entry_a, minmay_hedge_maze,
          uniq_sigmund
D:7:      layout_basic
D:8:      layout_basic, grunt_lair_entry_orc_guard_hut,
          ebering_ghost_rock_garden, nicolae_ossuary_entry_monument,
          minmay_misc_feat_iff, grunt_decor_mini_mirrors,
          minmay_misc_feat_square, minmay_parallelograms, minmay_diamond_spiral,
          uniq_maurice
D:9:      layout_gridville
D:10:     layout_stronghold, zombieorc2_lemuel, uniq_joseph
D:11:     layout_small_grid, uniq_harold
D:12:     layout_stronghold, serial_shops, shop, small_chamber_with_monster
D:13:     layout_gridville, kennysheep_generic_room_3
D:14:     dreamdust_wu_jian_sword_trials, layout_loops_ring,
          lightli_vaults_fourway_checkpoint, nicolae_ashenzari_panopticon,
          serial_shops, nicolae_shop_bloodbath_and_beyond, st_stairs_12,
          minmay_misc_feat_nine_boxes, minivault_23
D:15:     gammafunk_depths_entry_grave, layout_basic, serial_shops, shop,
          minmay_misc_feat_columns, uniq_nessos
Lair:1:   layout_chaotic_city, tgw_fedhas, uniq_amaemon
Lair:2:   layout_cave_shapes, nicolae_swamp_entry_splash_gauntlet,
          grunt_megastairs_5
Lair:3:   layout_big_grid, nicolae_spider_entry_tight_spaces,
          beast_lair_carwin_8
Lair:4:   nzn_winding_woodlands_medium [nzn_winding_woodlands_5x5_closed_star,
          nzn_winding_woodlands_5x15_pockets,
          nzn_winding_woodlands_5x5_checkerboard,
          nzn_winding_woodlands_5x5_three,
          nzn_winding_woodlands_center_diamonds,
          nzn_winding_woodlands_5x5_open_star, nzn_winding_woodlands_5x5_cross,
          nzn_winding_woodlands_5x15_sidewinder,
          nzn_winding_woodlands_5x5_default], layout_cave_pods, slime_entry_1
Lair:5:   hangedman_lair_in_review, layout_misc_corridors, gammafunk_ghost_grave
Swamp:1:  layout_basic_swamp, evilmike_swamp_ruin_house_1, swamp_pool5
Swamp:2:  layout_basic_swamp, hangedman_swamp_cone, swamp_pool2
Swamp:3:  layout_falls_marsh, hangedman_swamp_ruin_hall, swamp_pool3
Swamp:4:  swamp_fiery, layout_basic_swamp, swamp_pool2,
          infiniplex_staircase_pool_2, uniq_aizul
Spider:1: layout_cave_pods
Spider:2: nicolae_spider_hilbert_zone_3 [nicolae_spider_hilbert_4_sides_2_open,
          nicolae_spider_hilbert_3_sides_1_open,
          nicolae_spider_hilbert_3_sides_1_open,
          nicolae_spider_hilbert_3_sides_1_open,
          nicolae_spider_hilbert_3_sides_1_open,
          nicolae_spider_hilbert_4_sides_1_open,
          nicolae_spider_hilbert_4_sides_1_open,
          nicolae_spider_hilbert_4_sides_1_open,
          nicolae_spider_hilbert_4_sides_1_open,
          nicolae_spider_hilbert_4_sides_1_open,
          nicolae_spider_hilbert_4_sides_1_open,
          nicolae_spider_hilbert_4_sides_1_open,
          nicolae_spider_hilbert_4_sides_1_open,
          nicolae_spider_hilbert_3_sides_1_open,
          nicolae_spider_hilbert_3_sides_1_open,
          nicolae_spider_hilbert_3_sides_1_open,
          nicolae_spider_hilbert_3_sides_1_open], hangedman_stitches_earthworm
Slime:1:  layout_caves
Orc:1:    layout_caves, mines1_david
Orc:2:    st_orc_rangers, layout_caves, gauntlet_entry_generic, basic_altar,
          uniq_donald
Elf:1:    eino_elf_arrival_shootout, layout_loops_corners, serial_shops,
          nicolae_shop_advertising_works [nicolae_subvault_shop_adworks],
          drop_trap, grunt_megastairs_3

Skill      XL: |  1  2  3  4  5  6  7  8  9 10 11 12 13 14 15 16 17 |
---------------+----------------------------------------------------+-----
Transmutations | 3 4 5 6 8 10 11 13 | 13.8
Dodging        | 4 6 9 10 12 14 15 17 18 19 | 19.3
Fighting       | 3 5 7 8 10 12 14 16 | 16.0
Unarmed Combat | 6 8 10 12 13 14 15 16 17 | 17.4
Invocations    | 4 7 9 10 11 | 11.5
Stealth        | 1 7 8 9 11 | 11.3
Shields        | 5 6 8 |  8.4
Spellcasting   | |  2.0

Action                   |  1- 3 |  4- 6 |  7- 9 | 10-12 | 13-15 | 16-18 || total
-------------------------+-------+-------+-------+-------+-------+-------++-------
Melee: Unarmed           |    27 |    29 |    92 |   298 |  1135 |   992 ||  2573
       Short sword       |   110 |    53 |       |       |       |       ||   163
       Headbutt          |     4 |     2 |    28 |    45 |    84 |   161 ||   324
       Punch             |     1 |     1 |    13 |    16 |    11 |       ||    42
       Rapier            |       |    89 |   271 |   104 |       |       ||   464
       Tailslap          |       |       |     1 |       |     3 |    43 ||    47
 Cast: Beastly Appendage |     4 |     2 |    22 |    12 |    14 |    25 ||    79
       Spider Form       |     2 |     3 |     7 |     1 |     1 |     1 ||    15
       Wereblood         |       |       |     6 |    19 |    49 |    25 ||    99
       Ice Form          |       |       |     1 |    25 |    38 |     6 ||    70
       Lesser Beckoning  |       |       |       |       |       |     1 ||     1
Invok: Slouch            |       |       |       |       |     1 |     3 ||     4
       Step From Time    |       |       |       |       |       |     3 ||     3
Evoke: Box of beasts     |       |       |       |     1 |       |       ||     1
       Wand              |       |       |       |       |     1 |     1 ||     2
  Use: Scroll            |       |       |     6 |     9 |    11 |     3 ||    29
       Potion            |       |       |       |     1 |    17 |     9 ||    27
 Stab: Sleeping          |     2 |     3 |       |     3 |    20 |     8 ||    36
       Distracted        |       |       |       |     2 |     5 |     3 ||    10
       Invisible         |       |       |       |       |     7 |       ||     7
       Held in net/web   |       |       |       |       |     1 |       ||     1
Armor: Robe              |    59 |    48 |    17 |       |       |       ||   124
       Skin              |     2 |     4 |    25 |    25 |    49 |    25 ||   130
       Steam dragon scal |       |       |    29 |    14 |    11 |       ||    54
       Chain mail        |       |       |       |       |   141 |   122 ||   263
       Swamp dragon scal |       |       |       |       |       |    31 ||    31
Dodge: Dodged            |   131 |   110 |   378 |   466 |  1330 |  1163 ||  3578
Block: Other             |       |     8 |    98 |   129 |   141 |    17 ||   393
       Reflection        |       |       |     1 |       |    67 |    20 ||    88
       Buckler           |       |       |       |       |   652 |   978 ||  1630
